 Dungeon Sprint DCSS version 0.28.0-43-g3370ac3207 (webtiles) character file.

Game seed: 16151865654678763373

767 boopmooplesden the Cleaver (level 7, -1/78 HPs)
             Began as a Minotaur Berserker on Mar 9, 2022.
             Was a Priest of Trog.
             Slain by a water moccasin (4 damage)
             ... in the Dungeon (Sprint II: "The Violet Keep of Menkaure").
             The game lasted 00:00:43 (252 turns).

boopmooplesden the Cleaver (Minotaur Berserker)      Turns: 252, Time: 00:00:44

Health: -1/78      AC:  2    Str: 24    XL:     7   Next: 52%
Magic:  6/6        EV: 13    Int:  4    God:    Trog [***...]
Gold:   486        SH:  0    Dex:  9    Spells: 6/6 levels left

rFire   . . .      SeeInvis .   a - +0 hand axe
rCold   . . .      Faith    .   (no shield)
rNeg    . . .      Spirit   .   b - +0 animal skin
rPois   .          Reflect  .   (helmet restricted)
rElec   .          Harm     .   (no cloak)
rCorr   .          Rampage  .   (no gloves)
Will    .....      NoTele   +   (no boots)
Stlth   +.........              (no amulet)
HPRegen 0.23/turn               (no ring)
MPRegen 0.10/turn               (no ring)

@: no status effects
A: horns 2, retaliatory headbutt
a: Renounce Religion, Berserk, Trog's Hand


You were in the Dungeon.
You worshipped Trog.
Trog was most pleased with you.
You visited 1 branch You collected 486 gold pieces.

Inventory:

Hand Weapons
 a - a +0 hand axe (weapon)
Armour
 b - a +0 animal skin (worn)
Scrolls
 h - a scroll of blinking
Potions
 e - a potion of haste
 f - 2 potions of magic
 g - a potion of berserk rage


   Skills:
 + Level 12.7 Fighting
 + Level 13.0 Axes
 + Level 6.8 Armour
 + Level 6.5 Dodging


You had 6 spell levels left.
You didn't know any spells.
Your spell library was empty.

Dungeon Overview and Level Annotations

Branches:
Dungeon (1/1)

Altars:

Annotations:
D Menkaure


Innate Abilities, Weirdness & Mutations

You have a pair of horns on your head.
You reflexively headbutt those who attack you in melee.


Message History

A flying skull comes into view. 4 flying skulls come into view.
The flying skull gives a hideous shriek! x6
A flying skull comes into view. x2
The flying skull hits you but does no damage.
The flying skull moves out of view. x2
There is an open door here.
A water moccasin comes into view.
The flying skull hits you but does no damage.
The flying skull hits you.
* * * LOW HITPOINT WARNING * * *
The water moccasin barely misses you.
You miss the water moccasin. You closely miss the flying skull.
You hit the flying skull but do no damage.
The flying skull hits you.
* * * LOW HITPOINT WARNING * * *
The flying skull hits you but does no damage.
You barely miss the water moccasin.
Your headbutt misses the water moccasin.
You hit the flying skull. You closely miss the flying skull.
The water moccasin bites you!
* * * LOW HITPOINT WARNING * * *
The flying skull hits you but does no damage.
The flying skull misses you.
Unknown command.
Unknown command.
Unknown command.
You hit the flying skull. Your headbutt misses the flying skull.
The flying skull is moderately damaged.
You hit the flying skull. You miss the water moccasin.
The water moccasin barely misses you. The flying skull hits you.
* * * LOW HITPOINT WARNING * * *
The flying skull closely misses you. You furiously retaliate!
You headbutt the flying skull, but do no damage.
The boulder beetle leaps!
You hit the flying skull but do no damage.
The flying skull is moderately damaged.
You hit the water moccasin. You closely miss the flying skull.
The water moccasin bites you.
You die...

+####
≈≈..§.≈##
.§≈○≈≈≈##
≈z≈○≈§≈≈#
°≈z..○# ≈z≈z≈#
##≈≈#+++#zz'##
#≈≈≈..S@zzz..#
#≈≈≈≈.##z##..#
#≈≈≈≈##.#.##
#≈≈≈ #..#°B#
#≈≈ ###†#####
#≈ #'###.# #
##B##.#
+.M.'.#
##.##..#


You could see a boulder beetle, a water moccasin and 9 flying skulls.

Vanquished Creatures
  4 neqoxecs (D)
  4 scorpions (D)
8 creatures vanquished.

Notes
Turn   | Place    | Note
-------+----------+-------------------------------------------
     0 | D        | boopmooplesden the Minotaur Berserker began the quest for
                  | the Orb.
     0 | D        | Reached XP level 1. HP: 19/19 MP: 0/0
     1 | D        | Noticed a neqoxec
     1 | D        | Noticed a neqoxec
     1 | D        | Noticed a neqoxec
     1 | D        | Noticed a neqoxec
     4 | D        | Killed a neqoxec
     5 | D        | Reached skill level 8 in Axes
     5 | D        | Reached XP level 2. HP: 35/35 MP: 1/1
     5 | D        | Reached XP level 3. HP: 40/40 MP: 2/2
     5 | D        | Reached XP level 4. HP: 48/48 MP: 3/3
    15 | D        | Killed a neqoxec
    16 | D        | Reached skill level 10 in Axes
    16 | D        | Reached skill level 5 in Armour
    16 | D        | Reached XP level 5. HP: 58/58 MP: 4/4
    25 | D        | Killed a neqoxec
    25 | D        | Reached ** piety under Trog
    26 | D        | Reached skill level 11 in Axes
    26 | D        | Reached skill level 5 in Dodging
    26 | D        | Reached XP level 6. HP: 18/68 MP: 5/5
    30 | D        | Killed a neqoxec
    31 | D        | Reached XP level 7. HP: 34/75 MP: 6/6
   215 | D        | Reached skill level 12 in Axes
   219 | D        | Reached *** piety under Trog
   237 | D        | Reached skill level 13 in Axes
   240 | D        | Noticed Menkaure
   240 | D        | Noticed a boulder beetle
   240 | D        | Noticed a boulder beetle
   246 | D        | Noticed a flying skull
   246 | D        | Noticed a flying skull
   246 | D        | Noticed a flying skull
   246 | D        | Noticed a flying skull
   246 | D        | Noticed a flying skull
   247 | D        | Noticed a flying skull
   247 | D        | Noticed a flying skull
   247 | D        | Noticed a flying skull
   247 | D        | Noticed a flying skull
   247 | D        | Noticed a flying skull
   247 | D        | Noticed a flying skull
   247 | D        | Noticed a flying skull
   251 | D        | HP: 3/78 [flying skull (1)]
   252 | D        | Slain by a water moccasin

Illustrated notes

Levels and vault maps discovered:
D:        the_violet_keep_of_menkaure [sprint2_stairs_cluster_1,
          sprint2_shoproom, sprint2_temple, sprint2_basic_supplies,
          sprint2_obstacle_2, sprint2_obstacle_3, sprint2_obstacle_1,
          sprint2_obstacle_5, sprint2_obstacle_4, sprint2_timed_cluster_1,
          sprint2_smallroom_cluster_1, sprint2_smallroom_final_cluster_1,
          sprint2_transparent_cluster_1, sprint2_second_timed_cluster_1,
          sprint2_sniper_area_1, sprint2_heavy_combat_area_1,
          sprint2_mutation_trap_area_1, sprint2_forest_area_1,
          sprint2_light_combat_area_1, sprint2_behind_water_1,
          sprint2_near_end_vault_1]

Skill      XL: |  1  2  3  4  5  6  7 |
---------------+----------------------+-----
Fighting       | 8 9 11 12 | 12.7
Axes           | 8 10 11 13 | 13.0
Armour         | 4 5 6 |  6.8
Dodging        | 4 5 6 |  6.5

Action                   |  1- 3 |  4- 6 |  7- 9 || total
-------------------------+-------+-------+-------++-------
Melee: Hand axe          |     2 |    25 |    26 ||    53
       Headbutt          |     1 |     3 |     5 ||     9
Invok: Berserk           |     1 |       |       ||     1
  Use: Potion            |       |     1 |     1 ||     2
Armor: Animal skin       |     1 |       |     4 ||     5
Dodge: Dodged            |       |    10 |    11 ||    21
